 Dungeon Crawl Stone Soup version 0.31-a0-996-g3b49de5836 (webtiles) character file.

Game seed: 11266714994182610681

155 dsffdskdfgj the Thaumaturge (level 5, 0/34 (37) HPs)
             Began as a Gnoll Wanderer on Nov 7, 2023.
             Slain by Crazy Yiuf
             ... wielding a +2 quarterstaff of chaos
              (2 damage)
             ... on level 3 of the Dungeon.
             The game lasted 00:18:58 (2846 turns).

dsffdskdfgj the Thaumaturge (Gnoll Wanderer)        Turns: 2846, Time: 00:18:59

HP:   0/34 (37)     AC: 11    Str: 15    XL:     5   Next: 37%
MP:   15/16         EV:  7    Int: 16    God:
Gold: 159           SH:  0    Dex: 11    Spells: 21/22 levels left

rFire   . . .        h - +0 quarterstaff
rCold   . . .        (shield currently unavailable)
rNeg    . . .        e - +0 chain mail
rPois   .            (no helmet)
rElec   .            i - +2 cloak
rCorr   .            (no gloves)
SInv    .            (no boots)
Will    .....        (no amulet) Stlth
                     j - +6 ring of strength
HPRegen 0.25/turn    (no ring)
MPRegen 0.15/turn

%: no passive effects
@: very slightly contaminated, slowed, drained, very slow
A: fangs 1, strong nose, distributed training
a: no special abilities


You were on level 3 of the Dungeon.
You visited 1 branch of the dungeon, and saw 3 of its levels.

You collected 159 gold pieces.

Inventory:

Hand Weapons
 a - a +0 dagger
 g - a +0 club
 h - a +0 quarterstaff (weapon)
Missiles
 c - 29 stones (quivered)
 l - 2 boomerangs
 n - a throwing net
Armour
 e - a +0 chain mail (worn)
 i - a +2 cloak (worn)
Jewellery
 j - a +6 ring of strength (left hand)
Wands
 d - a wand of polymorph (15)
Scrolls
 b - a scroll of silence
 f - 3 scrolls of teleportation
 o - a scroll of fear {unknown}
 p - a scroll of enchant armour {unknown}
 r - a scroll of noise {unknown}
Potions
 k - a potion of invisibility {unknown}
 m - a potion of might {unknown}
 q - 2 potions of attraction {unknown}
 s - a potion of ambrosia {unknown}
 t - a potion of curing {unknown}


   Skills:
 + Level 1.5 Fighting
 + Level 1.5 Short Blades
 + Level 1.5 Long Blades
 + Level 1.5 Axes
 + Level 1.5 Maces & Flails
 + Level 1.5 Polearms
 + Level 1.5 Staves
 + Level 1.5 Ranged Weapons
 + Level 1.5 Throwing
 + Level 1.5 Armour
 + Level 3.0 Dodging
 + Level 1.5 Stealth
 + Level 1.5 Shields
 + Level 1.5 Unarmed Combat
 + Level 9.4 Spellcasting
 + Level 1.2 Conjurations
 + Level 1.2 Hexes
 + Level 4.0 Summonings
 + Level 1.2 Necromancy
 + Level 1.2 Translocations
 + Level 1.2 Transmutations
 + Level 1.2 Fire Magic
 + Level 1.2 Ice Magic
 + Level 1.2 Air Magic
 + Level 1.2 Earth Magic
 + Level 1.2 Poison Magic
 + Level 3.1 Invocations
 + Level 4.8 Evocations
 + Level 1.3 Shapeshifting


You had 21 spell levels left.
You knew the following spells:

 Your Spells              Type           Power      Damage    Failure   Level
a - Summon Small Mammal   Summ           80%        N/A       28%         1

Your spell library contained the following spells:

 Spells                   Type           Power      Damage    Failure   Level
 Call Imp                 Summ           40%        N/A       38%         2
 Call Canine Familiar     Summ           20%        N/A       63%         3
 Apportation              Tloc           22%        N/A       65%         1
 Magic Dart               Conj           44%        1d5       65%         1
 Necrotise                Necr           44%        1d6       65%         1
 Ensorcelled Hibernation  Hex/Ice        22%        N/A       80%         2
 Jinxbite                 Hex            22%        N/A       80%         2
 Summon Guardian Golem    Hex/Summ       15%        N/A       83%         3
 Mephitic Cloud           Conj/Pois/Air  11%        N/A       95%         3
 Animate Armour           Summ/Erth      30%        N/A       99%         4


Dungeon Overview and Level Annotations

Branches:
Dungeon (3/15)

Altars:

Annotations:
D:3 Crazy Yiuf


Innate Abilities, Weirdness & Mutations

You have very sharp teeth.
Your uncanny sense of smell can sniff out nearby items.
Your experience applies equally to all skills.


Message History

You are poisoned.
You hit Crazy Yiuf but do no damage.
Crazy Yiuf is lightly wounded.
You feel very sick.
Crazy Yiuf hits you with a +2 quarterstaff of chaos.
You feel drained.
You hit Crazy Yiuf but do no damage.
Crazy Yiuf is lightly wounded.
You feel sick.
Crazy Yiuf laughs, "Key wrapper disdain!"
Crazy Yiuf completely misses you.
Crazy Yiuf whimpers, "Millenium pontify infinity!"
Crazy Yiuf barely misses you.
You hit Crazy Yiuf.
Crazy Yiuf is lightly wounded.
You feel sick. Crazy Yiuf barely misses you.
You hit Crazy Yiuf but do no damage.
Crazy Yiuf is lightly wounded.
You feel sick. Crazy Yiuf barely misses you.
You sock Crazy Yiuf!
Crazy Yiuf is heavily wounded.
You feel sick.
Crazy Yiuf hits you with a +2 quarterstaff of chaos.
You feel yourself slow down.
You feel sick. Crazy Yiuf hits you but does no damage.
Casting: Summon Small Mammal (safe; 28% risk of failure)
Confirm with . or Enter, or press ? or * to list all spells.
You miscast Summon Small Mammal.
You are very lightly contaminated with residual magic.
Nothing appears to happen.
You feel sick.
You are no longer poisoned.
Crazy Yiuf hits you with a +2 quarterstaff of chaos.
* * * LOW HITPOINT WARNING * * *
Crazy Yiuf burns you.
* * * LOW HITPOINT WARNING * * *
Crazy Yiuf cries, "Announcement!
You high foot."
Crazy Yiuf hits you with a +2 quarterstaff of chaos.
* * * LOW HITPOINT WARNING * * *
You feel drained.
You die...

♣♣♣♣♣### ## ###
♣♣♣.♣.P#.## .#
#...#♣g@♣..P...##
.#
#...'.♣♣♣♣......##
.# #### #)..#♣♣
♣♣♣#....# .# #..#
### ####.# .# #..#
#.####### .# #..#
#......#. .#
#..##############
######...#. .#
#...............#
#....#...#. .#
#...............#
#....#...#.


You could see Crazy Yiuf.

Vanquished Creatures
  An orc priest (D:3)
  Ijyb (D:3)
  2 adders (D:2)
  2 adder zombies (D:2)
  2 worms (D:2)
  An orc (D:3)
  A bat skeleton (D:2)
  3 bat zombies (D:2)
  3 endoplasms
  A giant cockroach (D:3)
  4 goblins
  2 hobgoblins (D:1)
  2 jackals (D:1)
  7 kobolds
  6 quokkas
  4 ball pythons
  A ball python zombie (D:2)
  3 bats
  4 frilled lizards
  6 rats
56 creatures vanquished.

Vanquished Creatures (collateral kills)
  A worm (D:2)
  2 orcs (D:3)
  2 hobgoblins
  A ball python (D:2)
  A frilled lizard (D:1)
  A jackal skeleton (D:2)
  A kobold (D:3)
9 creatures vanquished.

Grand Total: 65 creatures vanquished

Notes
Turn   | Place    | Note
-------+----------+-------------------------------------------
     0 | D:1      | Reached skill level 9 in Spellcasting
     0 | D:1      | dsffdskdfgj the Gnoll Wanderer began the quest for the Orb.
     0 | D:1      | dsffdskdfgj set off with the following items: a +0 dagger,
                  | a scroll of silence, a +0 robe, a wand of polymorph (6);
                  | and the following spell memorised: Summon Small Mammal; and
                  | the following spells available to memorise: Call Canine
                  | Familiar, Ensorcelled Hibernation, Jinxbite, Animate
                  | Armour.
     0 | D:1      | Reached XP level 1. HP: 13/13 MP: 10/10
   252 | D:1      | Reached XP level 2. HP: 19/19 MP: 12/12
   799 | D:2      | Reached XP level 3. HP: 21/25 MP: 11/13
  1077 | D:2      | Reached skill level 1 in Fighting
  1077 | D:2      | Reached skill level 1 in Short Blades
  1077 | D:2      | Reached skill level 1 in Long Blades
  1077 | D:2      | Reached skill level 1 in Axes
  1077 | D:2      | Reached skill level 1 in Maces & Flails
  1077 | D:2      | Reached skill level 1 in Polearms
  1077 | D:2      | Reached skill level 1 in Staves
  1077 | D:2      | Reached skill level 1 in Ranged Weapons
  1077 | D:2      | Reached skill level 1 in Throwing
  1077 | D:2      | Reached skill level 1 in Armour
  1077 | D:2      | Reached skill level 1 in Stealth
  1077 | D:2      | Reached skill level 1 in Shields
  1077 | D:2      | Reached skill level 1 in Unarmed Combat
  1302 | D:2      | Reached XP level 4. HP: 6/32 MP: 13/15
  1429 | D:2      | Reached skill level 1 in Shapeshifting
  1748 | D:2      | Reached skill level 1 in Conjurations
  1748 | D:2      | Reached skill level 1 in Hexes
  1748 | D:2      | Reached skill level 1 in Necromancy
  1748 | D:2      | Reached skill level 1 in Translocations
  1748 | D:2      | Reached skill level 1 in Transmutations
  1748 | D:2      | Reached skill level 1 in Fire Magic
  1748 | D:2      | Reached skill level 1 in Ice Magic
  1748 | D:2      | Reached skill level 1 in Air Magic
  1748 | D:2      | Reached skill level 1 in Earth Magic
  1748 | D:2      | Reached skill level 1 in Poison Magic
  1903 | D:3      | Noticed Ijyb
  1980 | D:3      | Killed Ijyb
  2197 | D:3      | Reached XP level 5. HP: 37/37 MP: 16/16
  2828 | D:3      | Found a runed translucent door.
  2831 | D:3      | Noticed Crazy Yiuf
  2846 | D:3      | Slain by Crazy Yiuf

Illustrated notes

Levels and vault maps discovered:
D:1:      dpeg_arrival_connections, layout_basic
D:2:      layout_basic, serial_undead, serial_undead_a, serial_undead_e,
          serial_undead_b, serial_undead_f, st_stairs_4, supply_closet_lemuel
D:3:      layout_basic, uniq_crazy_yiuf_cottage, uniq_ijyb

Skill      XL: |  1  2  3  4  5 |
---------------+----------------+-----
Spellcasting   | |  9.4
Fighting       | 1 |  1.5
Short Blades   | 1 |  1.5
Long Blades    | 1 |  1.5
Axes           | 1 |  1.5
Maces & Flails | 1 |  1.5
Polearms       | 1 |  1.5
Staves         | 1 |  1.5
Ranged Weapons | 1 |  1.5
Throwing       | 1 |  1.5
Armour         | 1 |  1.5
Stealth        | 1 |  1.5
Shields        | 1 |  1.5
Unarmed Combat | 1 |  1.5
Shapeshifting  | 1 |  1.3
Conjurations   | 1 |  1.2
Hexes          | 1 |  1.2
Necromancy     | 1 |  1.2
Translocations | 1 |  1.2
Transmutations | 1 |  1.2
Fire Magic     | 1 |  1.2
Ice Magic      | 1 |  1.2
Air Magic      | 1 |  1.2
Earth Magic    | 1 |  1.2
Poison Magic   | 1 |  1.2
Invocations    | 3 |  3.1
Dodging        | 3 |  3.0
Summonings     | 4 |  4.0
Evocations     | |  4.8

Action                     |  1- 3 |  4- 6 || total
---------------------------+-------+-------++-------
  Melee: Dagger            |    33 |       ||    33
         Bite              |    14 |     9 ||    23
         Quarterstaff      |    91 |    78 ||   169
         Club              |    24 |       ||    24
         Unarmed           |       |     2 ||     2
   Cast: Summon Small Mamm |     9 |    17 ||    26
  Evoke: Wand              |     1 |       ||     1
    Use: Scroll            |       |     1 ||     1
 Armour: Robe              |    16 |       ||    16
         Chain mail        |   138 |    87 ||   225
         Skin              |       |     2 ||     2
  Dodge: Dodged            |    72 |    56 ||   128

Table legend: (Time is in decaauts)
 A = Elapsed time spent in this place.
 B = Non-inter-level travel time spent in this place.
 C = Inter-level travel time spent in this place.
 D = Time resting spent in this place.
 E = Time spent auto-exploring this place.
 F = Levels seen in this place.
 G = Mean time per level.
                   A        B        C        D        E       F      G
               +--------+--------+--------+--------+--------+-----+--------+
         Total |   2880 |   2846 |     34 |    223 |   1136 |   3 |  960.0 |
       Dungeon |   2880 |   2846 |     34 |    223 |   1136 |   3 |  960.0 |
               +--------+--------+--------+--------+--------+-----+--------+

Top non-repeatable levels by time:
     D:2: 1075 daAuts
     D:3: 997 daAuts
     D:1: 806 daAuts
